 Dungeon Crawl Stone Soup version 0.24-a0-762-gca426f5 (webtiles) character file.

Game seed: 3978901725595075111, levelgen mode: deterministic

1016 2tousent the Shield-Bearer (level 8, -2/63 HPs)
             Began as a Barachi Fighter on Oct 3, 2019.
             Was a Believer of Uskayaw.
             Slain by a small abomination (15 damage)
             ... on level 2 of the Abyss.
             The game lasted 00:16:01 (4983 turns).

2tousent the Shield-Bearer (Barachi Fighter)        Turns: 4983, Time: 00:16:02

Health: -2/63      AC: 10    Str: 18    XL:     8   Next: 21%
Magic:  9/9        EV:  9    Int:  9    God:    Uskayaw [**....]
Gold:   198        SH: 10    Dex: 13    Spells: 7/7 levels left

rFire    + . .     SeeInvis .   u - +3 falchion (vamp)
rCold    . . .     Gourm    .   c - +0 shield
rNeg     . . .     Faith    .   b - +0 scale mail
rPois    .         Spirit   .   q - +2 hat
rElec    .         Reflect  .   y - +0 cloak
rCorr    +         Harm     .   (no gloves)
MR       .....                  (no boots)
Stlth    ..........             i - amulet of rage
HPRegen  0.20/turn              k - ring of protection from fire
MPRegen  0.11/turn              w - ring of resist corrosion

@: slow
A: +LOS, swims, beak, horns 1, screaming 1, slowness 1, strong legs 1
a: Hop, Stomp, Line Pass, Renounce Religion, Evoke Berserk Rage


You were on level 2 of the Abyss.
You worshipped Uskayaw.
Uskayaw was noncommittal.
You were near starving.

You visited 2 branches of the dungeon, and saw 7 of its levels.
You visited the Abyss 1 time.

You collected 198 gold pieces.

Inventory:

Hand Weapons
 a - a +0 long sword
 u - a +3 vampiric falchion (weapon)
Missiles
 m - 211 stones
 t - a throwing net (quivered)
Armour
 b - a +0 scale mail (worn)
 c - a +0 shield (worn)
 q - a +2 hat (worn)
 x - a +0 chain mail
 y - a +0 cloak (worn)
Jewellery
 i - an amulet of rage (around neck)
 k - a ring of protection from fire (left hand)
 w - a ring of resist corrosion (right hand)
Scrolls
 g - a scroll of vulnerability {unknown}
 n - 2 scrolls of amnesia
 o - 7 scrolls of remove curse
 p - 2 scrolls of enchant weapon
Potions
 d - 3 potions of might
 e - 3 potions of curing
 h - a potion of mutation
 j - a potion of cancellation
 s - a potion of ambrosia
 v - a potion of haste
 z - a potion of lignification
 A - a potion of degeneration
Comestibles
 f - 11 rations


   Skills:
 + Level 5.4 Fighting
 * Level 6.2 Long Blades
 + Level 5.4 Armour
 + Level 3.5 Dodging
 * Level 6.2 Shields
 + Level 1.3 Invocations


You had 7 spell levels left.
You didn't know any spells.
Your spell library was empty.

Dungeon Overview and Level Annotations

Branches:
Dungeon (6/15)             Temple (1/1) D:5

Altars:
Ashenzari
Cheibriados
Fedhas
Gozag
Hepliaklqana
Kikubaaqudgha
Makhleb
Nemelex Xobeh
Okawaru
Sif Muna
Trog
Uskayaw
Wu Jian
Xom
Yredelemnul

Annotations:
D:3 2 transporters, Toastz's ghost, amateur TrMo


Innate Abilities, Weirdness & Mutations

Shadows flee at your approach. (+LOS)
You can swim through water.
You cover ground slowly.
You can hop short distances.
You have a beak for a mouth.
You have a pair of small horns on your head.
You occasionally shout uncontrollably at your foes.


Message History

You can now pass through a line of other dancers.
You hit the small abomination but do no damage.
The small abomination is heavily damaged.
The small abomination hits you!
* * * LOW HITPOINT WARNING * * *
2 hell hounds come into view.
The hell hound barks!
You hit the small abomination but do no damage.
The small abomination is heavily damaged.
You block the small abomination's attack. x2
You closely miss the small abomination.
You headbutt the small abomination, but do no damage.
The small abomination is heavily damaged.
The small abomination hits you but does no damage.
A hell hound comes into view.
The hell hound barks!
You hit the small abomination. You peck the small abomination.
The small abomination is severely damaged.
The small abomination hits you!
You die...

..#. .##.#.# .
....### ....#h# .
..#.#.#.#.#.#.#
......... ..... ..
...... ....# #. ..#.
..###.h.#... ≈#
#...#.#... .. ..# .
#.. #.#.##.... . .
..#.@..#.#... #
≈##.#..###x##......#
≈... ... .....# . #
.#....x. ..#.#.#..#
≈......#. ........ #
###≈## ###........
≈≈ #.........
#########


You could see 2 hell hounds and a small abomination.

Vanquished Creatures
  An ice beast (D:6)
  An ogre (D:6)
  A bullfrog (D:6)
  2 scorpions (D:4)
  A crimson imp (D:6)
  A bullfrog zombie (D:5)
  A howler monkey (D:6)
  3 centaur skeletons
  2 hounds
  A jelly (D:4)
  2 orc wizards (D:4)
  Jessica (D:2)
  Terence (D:2)
  A killer bee zombie (D:6)
  A hound zombie (D:5)
  A hound skeleton (D:5)
  4 gnolls (D:5)
  9 adders
  A shadow imp (D:3)
  3 worms
  2 dart slugs (D:1)
  6 leopard geckos
  8 orcs (D:4)
  2 ball pythons
  6 bats
  5 giant cockroaches
  7 goblins
  4 hobgoblins
  6 jackals
  5 kobolds
  3 quokkas
  2 jackal skeletons (D:4)
  7 rats
101 creatures vanquished.

Vanquished Creatures (others)
  An orc wizard (D:6)
1 creature vanquished.

Grand Total: 102 creatures vanquished

Notes
Turn   | Place    | Note
-------+----------+-------------------------------------------
     0 | D:1      | 2tousent the Barachi Fighter began the quest for the Orb.
     0 | D:1      | Reached XP level 1. HP: 18/18 MP: 1/1
    69 | D:1      | Reached XP level 2. HP: 25/25 MP: 2/2
   221 | D:1      | Reached skill level 1 in Dodging
   726 | D:2      | Reached XP level 3. HP: 30/30 MP: 3/3
   821 | D:2      | Gained mutation: You occasionally shout uncontrollably at
                  | your foes. [potion of mutation]
   821 | D:2      | Gained mutation: You have a beak for a mouth. [potion of
                  | mutation]
   821 | D:2      | Gained mutation: You have a pair of small horns on your
                  | head. [potion of mutation]
   821 | D:2      | HP: 1/30 [jackal (2)]
  1118 | D:2      | Noticed Terence
  1125 | D:2      | Killed Terence
  1125 | D:2      | Reached XP level 4. HP: 37/37 MP: 4/4
  1374 | D:2      | Noticed Jessica
  1391 | D:2      | Killed Jessica
  1391 | D:2      | Reached XP level 5. HP: 42/42 MP: 5/5
  1649 | D:3      | Found a transporter.
  1650 | D:3      | Noticed an ogre
  1650 | D:3      | Noticed Toastz's ghost (amateur TrMo)
  1650 | D:3      | Noticed an ogre
  1651 | D:3      | Noticed an ogre
  1654 | D:3      | Found a transporter.
  2540 | D:4      | Reached XP level 6. HP: 43/49 MP: 6/6
  2987 | D:4      | Reached skill level 5 in Shields
  3092 | D:4      | Reached skill level 5 in Long Blades
  3092 | D:4      | Reached XP level 7. HP: 53/55 MP: 7/7
  3407 | D:5      | Entered Level 5 of the Dungeon
  3547 | D:5      | Found a staircase to the Ecumenical Temple.
  3556 | Temple   | Entered the Ecumenical Temple
  3563 | Temple   | Became a worshipper of Uskayaw the Reveler
  3671 | D:5      | Reached * piety under Uskayaw
  3672 | D:5      | Reached skill level 5 in Armour
  3829 | D:5      | Reached ** piety under Uskayaw
  3839 | D:5      | Reached *** piety under Uskayaw
  3864 | D:5      | Reached skill level 5 in Fighting
  4325 | D:6      | Found a burning altar of Makhleb.
  4450 | D:6      | Reached skill level 1 in Invocations
  4503 | D:6      | Reached XP level 8. HP: 31/62 MP: 8/8
  4744 | D:6      | Cast into level 1 of the Abyss (orc warrior)
  4744 | Abyss:1  | Found a corrupted altar of Lugonu.
  4795 | Abyss:1  | Noticed a starcursed mass
  4813 | Abyss:1  | Noticed a thrashing horror
  4953 | Abyss:1  | Noticed a sixfirhy
  4958 | D:10     | Entered Level 10 of the Dungeon
  4958 | Abyss:2  | Found a corrupted altar of Lugonu.
  4983 | Abyss:2  | Slain by a small abomination

Levels and vault maps discovered:
D:1:      moated_graveyard_arrival, layout_basic
D:2:      layout_basic, hangedman_feature_mirror, minmay_quadrilaterals,
          uniq_terence, uniq_jessica
D:3:      layout_loops_corners, gammafunk_ghost_smash
D:4:      layout_basic, first_ration
D:5:      layout_loops_corners, minmay_temple_entry_purple_smoke
D:6:      layout_loops_ring, ebering_ghost_rock_garden, lemuel_altar_in_water
Temple:   grunt_wide_crystal_templ
Abyss:2:  evilmike_abyss_exit_4

Skill      XL: |  1  2  3  4  5  6  7  8 |
---------------+-------------------------+-----
Dodging        | 1 2 3 |  3.5
Long Blades    | 3 4 5 6 |  6.2
Fighting       | 4 5 |  5.4
Armour         | 4 5 |  5.4
Shields        | 4 5 6 |  6.2
Invocations    | 1 |  1.3

Action                   |  1- 3 |  4- 6 |  7- 9 || total
-------------------------+-------+-------+-------++-------
Melee: Long sword        |   113 |    72 |       ||   185
       Peck              |     6 |    22 |    25 ||    53
       Headbutt          |     4 |    29 |    30 ||    63
       Falchion          |       |    91 |   119 ||   210
 Abil: Hop               |       |       |     1 ||     1
  Use: Scroll            |     1 |       |    10 ||    11
       Potion            |     2 |       |       ||     2
 Stab: Paralysed         |       |       |     1 ||     1
  Eat: Chunk             |     1 |     7 |     6 ||    14
Armor: Scale mail        |    63 |    61 |    38 ||   162
Dodge: Dodged            |    43 |    38 |    44 ||   125
Block: Shield            |    80 |    63 |    53 ||   196
       Rpst.: Long sword |    10 |     4 |       ||    14
       Falchion          |       |     3 |     7 ||    10

Table legend:
 A = Non-vault XP
 B = Vault XP
 C = Vault XP percentage of total XP
 D = Non-vault monster count
 E = Vault monster count
 F = Vault count percentage of total count
                 A         B        C        D         E       F
            +---------+---------+-------+---------+---------+-------
      Total |    1355 |      97 |   6.7 |      88 |      14 |  13.7
            +---------+---------+-------+---------+---------+-------
        D:1 |      21 |       0 |   0.0 |       9 |       0 |   0.0
        D:2 |      75 |      97 |  56.4 |      18 |      14 |  43.8
        D:3 |      51 |       0 |   0.0 |      14 |       0 |   0.0
        D:4 |     432 |       0 |   0.0 |      27 |       0 |   0.0
        D:5 |     229 |       0 |   0.0 |      10 |       0 |   0.0
        D:6 |     547 |       0 |   0.0 |      10 |       0 |   0.0
            +---------+---------+-------+---------+---------+-------
